 Dungeon Sprint DCSS version 0.17-a0-1718-g72dbe4d (webtiles) character file.

4535 Kidiri the Protected (level 10, -14/94 HPs)
             Began as a Minotaur Fighter on Aug 24, 2015.
             Was a High Priest of Okawaru.
             Demolished by a freezing wraith (21 damage)
             ... in the Dungeon (Sprint VII: "The Pits").
             The game lasted 00:05:54 (1187 turns).

Kidiri the Protected (Minotaur Fighter)             Turns: 1187, Time: 00:05:54

Health: -14/94     AC: 25    Str: 27    XL:     10   Next: 17%
Magic:  12/15      EV: 16    Int:  5    God:    Okawaru [*****.]
Gold:   0          SH: 16    Dex: 13    Spells: 0 memorised, 9 levels left

rFire  . . .     SeeInvis .     w - +1 broad axe of Qifohoru {freeze, Str+3}
rCold  . . .     Clarity  .     z - +4 chain mail
rNeg   . . .     SustAt   .     c - +0 shield
rPois  .         Gourm    .     (helmet restricted)
rElec  .         Spirit   .     (no cloak)
rCorr  .         Warding  .     t - +0 pair of gloves
rMut   .         NoTele   +     x - +0 pair of boots
MR     .....                    (no amulet)
Stlth  ..........               u - +3 ring of dexterity
                                s - +3 ring of protection

@: heroism, slowed, very slow, not resistant to hostile enchantments, extremely
unstealthy
A: retaliatory headbutt, horns 2
a: Heroism, Finesse, Renounce Religion


You were in the Dungeon.
You worshipped Okawaru.
Okawaru was extremely pleased with you.
You were not hungry.

You visited 1 branch

Inventory:

Hand weapons
 a - a +2 morningstar of crushing
 w - the +1 broad axe of Qifohoru (weapon) {freeze, Str+3}
   (You found it in the Dungeon)

   It has been specially enchanted to freeze those struck by it, causing extra
   injury to most foes and up to half again as much damage against particularly
   susceptible opponents.
   It can also slow down cold-blooded creatures.
   It affects your strength (+3).
Armour
 c - a +0 shield (worn)
 t - a +0 pair of gloves (worn)
 x - a +0 pair of boots (worn)
 z - a +4 chain mail (worn)
Jewellery
 s - a +3 ring of protection (left hand)
 u - a +3 ring of dexterity (right hand)
Scrolls
 k - a scroll of blinking
 o - 3 scrolls of remove curse
 p - 5 scrolls of amnesia
 q - a scroll of summoning
Potions
 d - a potion of might
 f - 9 potions of curing
 g - 9 potions of heal wounds
 h - 3 potions of haste
 i - 4 potions of magic
 j - 4 potions of berserk rage
 n - 2 potions of invisibility
 v - a potion of cure mutation
Comestibles
 e - 8 bread rations
 l - 40 fruits
 m - 7 meat rations


   Skills:
 + Level 10.4(15.4) Fighting
 * Level 13.4(18.4) Axes
 * Level 13.7(18.7) Armour
 + Level 8.9(13.9) Dodging
 * Level 13.6(18.6) Shields
 + Level 8.0 Invocations


You had 9 spell levels left.
You didn't know any spells.

Dungeon Overview and Level Annotations

Branches:
Dungeon (1/1)

Altars:
Ashenzari
Cheibriados
Dithmenos
Elyvilon
Fedhas
Gozag
Kikubaaqudgha
Makhleb
Nemelex Xobeh
Okawaru
Qazlal
Ru
Sif Muna
Trog
Vehumet
Xom
Yredelemnul
Zin
The Shining One
Beogh
Jiyva
Lugonu

Annotations:
D Grum, Joseph


Innate Abilities, Weirdness & Mutations

You reflexively headbutt those who attack you in melee.
You have a pair of horns on your head.


Message History

You block the freezing wraith's attack. You block the gargoyle's attack.
Grum zaps a wand.
You easily resist.
The gnoll hits you but does no damage. Joseph hits you but does no damage.
The freezing wraith hits you but does no damage.
The freezing wraith barely misses you.
Unknown command.
You barely miss the gargoyle.
The gargoyle is severely damaged.
You slash the freezing wraith!
The freezing wraith is severely damaged.
You closely miss Joseph.
Joseph is moderately wounded.
The gargoyle hurls a stone arrow at you.
The stone arrow hits you!
* * * LOW HITPOINT WARNING * * *
You block the gnoll's attack. You block Joseph's attack.
Grum barely misses you. The freezing wraith hits you.
* * * LOW HITPOINT WARNING * * *
The freezing wraith freezes you!!
You die...

....#..#......#
..............+
..............+
....#..#......#
..............#
#+#####''######
.....##''################
.....##..#.....@.......H#
.....##..##...g9@hg......
.<...##..####..W#'######
.....##..#..#####.##
.....##..#....##...#
.....##..'.....#...#
#######..'.....'...+
#######..'.....#...#
#...[##..#....##...#
#...[##..#..#####.##
##+##


You could see a griffon (wandering), Joseph, a freezing wraith, Grum, a
gargoyle, a wolf and a gnoll.

Vanquished Creatures
  An eidolon (D)
  A swamp dragon (D)
  A cyclops (D)
  An elephant (D)
  A manticore (D)
  A demonic crawler (D)
  A hellwing (D)
  A trapdoor spider (D)
  A shadow (D)
  2 small abominations (D)
  A hungry ghost (D)
  A warg (D)
  A water moccasin (D)
  A wolf (D)
  2 black bears (D)
  2 phantoms (D)
  An ice beast (D)
  A crocodile (D)
  2 gnoll sergeants (D)
  A giant frog (D)
  An iron imp (D)
  A quasit (D)
  A hell rat (D)
  7 gnolls (D)
  A river rat (D)
  An adder (D)
  2 giant eyeballs (D)
  An adder skeleton (D)
  A bat (D)
  4 jackals (D)
  2 quokkas (D)
  A giant newt (D)
  A goblin (D)
48 creatures vanquished.

Vanquished Creatures (others)
  A gnoll (D)
1 creature vanquished.

Grand Total: 49 creatures vanquished

Notes
Turn   | Place    | Note
--------------------------------------------------------------
     0 | D        | Kidiri the Minotaur Fighter began the quest for the Orb.
     0 | D        | Reached XP level 1. HP: 19/19 MP: 0/0
    27 | D        | Reached skill level 4 in Fighting
    27 | D        | Reached skill level 1 in Dodging
    27 | D        | Reached XP level 2. HP: 9/27 MP: 1/1
    66 | D        | Found a sacrificial altar of Ru.
    66 | D        | Found a basalt altar of Yredelemnul.
    66 | D        | Found a shadowy altar of Dithmenos.
    66 | D        | Found a deep blue altar of Sif Muna.
    66 | D        | Found a burning altar of Makhleb.
    66 | D        | Found a shimmering altar of Xom.
    66 | D        | Found an ancient bone altar of Kikubaaqudgha.
    66 | D        | Found a sparkling altar of Nemelex Xobeh.
    67 | D        | Found a glowing golden altar of the Shining One.
    67 | D        | Found a bloodstained altar of Trog.
    67 | D        | Found a shattered altar of Ashenzari.
    67 | D        | Found a white marble altar of Elyvilon.
    67 | D        | Found a snail-covered altar of Cheibriados.
    67 | D        | Found a blossoming altar of Fedhas.
    67 | D        | Found a radiant altar of Vehumet.
    67 | D        | Found a glowing silver altar of Zin.
    67 | D        | Found a corrupted altar of Lugonu.
    67 | D        | Found a viscous altar of Jiyva.
    67 | D        | Found a roughly hewn altar of Beogh.
    67 | D        | Found an iron altar of Okawaru.
    73 | D        | Found a stormy altar of Qazlal.
    73 | D        | Found an opulent altar of Gozag.
    76 | D        | Became a worshipper of Warmaster Okawaru
   318 | D        | Paralysed by a giant eyeball for 4 turns
   323 | D        | Reached skill level 1 in Invocations
   330 | D        | Reached skill level 5 in Armour
   330 | D        | Reached skill level 5 in Shields
   373 | D        | Reached XP level 3. HP: 34/34 MP: 2/2
   374 | D        | Noticed an iron imp
   380 | D        | Killed an iron imp
   380 | D        | Reached skill level 5 in Axes
   380 | D        | Reached XP level 4. HP: 39/41 MP: 2/4
   380 | D        | Paralysed by a giant eyeball for 2 turns
   477 | D        | Noticed an ice beast
   477 | D        | Noticed a phantom
   483 | D        | Killed a phantom
   483 | D        | Acquired Okawaru's first power
   483 | D        | Reached skill level 5 in Fighting
   483 | D        | Reached skill level 6 in Axes
   483 | D        | Reached skill level 7 in Armour
   483 | D        | Reached XP level 5. HP: 47/49 MP: 4/6
   487 | D        | Killed an ice beast
   489 | D        | Noticed a phantom
   489 | D        | Noticed a black bear
   490 | D        | Noticed a hungry ghost
   490 | D        | Noticed a giant frog
   495 | D        | Killed a giant frog
   495 | D        | Reached skill level 8 in Armour
   495 | D        | Reached XP level 6. HP: 55/58 MP: 5/7
   512 | D        | Killed a hungry ghost
   512 | D        | Reached skill level 9 in Armour
   512 | D        | Reached skill level 5 in Dodging
   517 | D        | Killed a phantom
   526 | D        | Killed a black bear
   526 | D        | Reached XP level 7. HP: 59/66 MP: 9/9
   565 | D        | Noticed a shadow
   572 | D        | Killed a shadow
   572 | D        | Reached skill level 10 in Armour
   572 | D        | Reached skill level 10 in Shields
   572 | D        | Reached skill level 5 in Invocations
   575 | D        | Noticed a warg
   575 | D        | Noticed a quasit
   575 | D        | Noticed a black bear
   580 | D        | Killed a black bear
   582 | D        | Killed a quasit
   595 | D        | Killed a warg
   595 | D        | Reached skill level 10 in Axes
   600 | D        | Reached XP level 8. HP: 58/74 MP: 11/11
   674 | D        | Noticed a gnoll sergeant
   674 | D        | Noticed a cyclops
   674 | D        | Noticed a demonic crawler
   689 | D        | Killed a demonic crawler
   689 | D        | Reached skill level 11 in Armour
   693 | D        | Killed a gnoll sergeant
   694 | D        | Killed a cyclops
   737 | D        | Got the +1 broad axe of Qifohoru {freeze, Str+3}
   882 | D        | Noticed a crocodile
   882 | D        | Noticed a small abomination
   890 | D        | Killed a crocodile
   895 | D        | Killed a small abomination
   911 | D        | Noticed a water moccasin
   911 | D        | Noticed an elephant
   912 | D        | Noticed a small abomination
   912 | D        | Noticed a hellwing
   912 | D        | Noticed a hell rat
   919 | D        | Killed a hell rat
   921 | D        | Killed a hellwing
   921 | D        | Reached skill level 12 in Armour
   921 | D        | Reached XP level 9. HP: 53/83 MP: 11/13
   922 | D        | Killed a small abomination
   927 | D        | Killed a water moccasin
   929 | D        | Killed an elephant
   948 | D        | Noticed a manticore
   948 | D        | Noticed a swamp dragon
   954 | D        | Killed a swamp dragon
   955 | D        | Killed a manticore
   955 | D        | Reached skill level 10 in Fighting
   955 | D        | Reached skill level 13 in Armour
   960 | D        | Noticed a trapdoor spider
   962 | D        | Killed a trapdoor spider
  1176 | D        | Noticed Joseph
  1176 | D        | Noticed a gnoll sergeant
  1176 | D        | Noticed a wolf
  1176 | D        | Noticed a freezing wraith
  1176 | D        | Noticed an eidolon
  1180 | D        | Noticed Grum
  1181 | D        | Noticed a gargoyle
  1183 | D        | Killed a wolf
  1184 | D        | Killed a gnoll sergeant
  1185 | D        | Noticed a wolf
  1185 | D        | Killed an eidolon
  1185 | D        | Acquired Okawaru's second power
  1185 | D        | Reached XP level 10. HP: 43/94 MP: 12/15
  1187 | D        | Demolished by a freezing wraith

Vault maps used:
D:        pitsprint

Action                   |  1- 3 |  4- 6 |  7- 9 | 10-12 || total
-------------------------+-------+-------+-------+-------++-------
Melee: War axe           |    35 |    46 |    49 |       ||   130
       Broad axe         |       |       |    38 |     1 ||    39
Invok: Heroism           |       |       |     4 |       ||     4
  Use: Potion            |       |       |     1 |     1 ||     2
  Eat: Chunk             |       |       |     5 |       ||     5
